AoeStats
← Malelf

Arabia

507767679Analyzed
1v1 RM · 12d ago on Sep 19, 2026· 35m 43s· 2 players
Game mode
Random Map
Map size
Tiny (2 player)
Population
200
Speed
Normal
Resources
Standard
Victory
Conquest
Starting age
Dark Age
Ending age
Imperial Age
RankedLock teamsTeams togetherTeam positionsShared explorationLock speedFull tech treeHidden civsTurbo modeCheats
Victory
Defeat
🇺🇸 Bengalis · United States
1792
+12
🇮🇹 Italians · Italy
1708
-12
Malelf
8:37 Loom
10:51 Feudal Age
11:24 Double-Bit Axe
11:45 Horse Collar
17:50 Castle Age
16:30 Gold Mining
19:09 Bow Saw
19:05 Heavy Plow
19:47 Wheelbarrow
23:31 Stone Mining
29:22 Imperial Age
26:59 Fletching
28:36 Bodkin Arrow
29:08 Ballistics
30:49 Padded Archer Armor
34:31 Town Watch
38:26 Imperial Age
Charles Kirkwall
0:33 Loom
0:47 Loom
1:14 Loom
8:21 Feudal Age
6:55 Loom
11:55 Fletching
14:06 Double-Bit Axe
18:31 Wheelbarrow
20:42 Castle Age
19:45 Gold Mining
20:24 Padded Archer Armor
20:07 Horse Collar
21:17 Town Watch
21:30 Bodkin Arrow
21:56 Crossbowman
25:02 Ballistics
27:23 Leather Archer Armor
33:10 Imperial Age
32:54 Light Cavalry
33:44 Bloodlines
34:08 Bracer
35:24 Chemistry
Connection lost

Rejoining the realm…

Still unreachable

The connection could not be restored.

Session expired

The server has moved on; the page needs a fresh start.